 Dungeon Crawl Stone Soup version 0.28-a0-1167-g616b1c6417 (webtiles) character file.

Game seed: 5479251991971248759

526 BinkBink the Slasher (level 7, -1/52 HPs)
             Began as a Demonspawn Monk on Dec 16, 2021.
             Was a High Priest of Cheibriados.
             Slain by an orc priest (6 damage)
             ... on level 4 of the Dungeon.
             The game lasted 00:08:11 (5735 turns).

BinkBink the Slasher (Demonspawn Monk)              Turns: 5735, Time: 00:08:12

Health: -1/52      AC:  6    Str: 25    XL:     7   Next: 2%
Magic:  7/7        EV: 22    Int: 24    God:    Cheibriados [*****.]
Gold:   51         SH:  4    Dex: 27    Spells: 6/6 levels left

rFire   + . .      SeeInvis .   a - +0 falchion
rCold   + . .      Faith    .   (no shield)
rNeg    . . .      Spirit   .   b - +0 robe
rPois   +          Reflect  .   (no helmet)
rElec   +          Harm     .   (no cloak)
rCorr   +          Rampage  .   e - +1 pair of gloves
Will    .....                   (no boots)
Stlth   +++.......              (no amulet)
HPRegen 0.17/turn               (no ring)
MPRegen 0.10/turn               (no ring)

@: agile, about to teleport, resistant, very slow
A: slimy green scales 1, powered by pain 2, condensation shield, demonic touch 1
a: Renounce Religion, Bend Time, Temporal Distortion, Slouch, Step From Time


You were on level 4 of the Dungeon.
You worshipped Cheibriados.
Cheibriados was extremely pleased with you.
You visited 1 branch of the dungeon, and saw 4 of its levels.

You collected 51 gold pieces.

Inventory:

Hand Weapons
 a - a +0 falchion (weapon)
 f - a +3 hunting sling
Armour
 b - a +0 robe (worn)
 e - a +1 pair of gloves (worn)
Scrolls
 c - 2 scrolls of teleportation
 g - a scroll of enchant armour
 h - a scroll of fog {unknown}
 j - 2 scrolls of identify
Potions
 i - a potion of brilliance


   Skills:
 - Level 3.0 Fighting
 + Level 5.5 Long Blades
 + Level 5.5 Dodging
 - Level 1.7 Stealth


You had 6 spell levels left.
You didn't know any spells.
Your spell library contained the following spells:

 Spells                   Type           Power      Damage    Failure   Level
 Animate Skeleton         Necr           0%         N/A       14%         1
 Apportation              Tloc           0%         N/A       14%         1
 Magic Dart               Conj           0%         1d3       14%         1
 Summon Small Mammal      Summ           0%         N/A       14%         1
 Call Imp                 Summ           0%         N/A       22%         2
 Mephitic Cloud           Conj/Pois/Air  0%         N/A       41%         3


Dungeon Overview and Level Annotations

Branches:
Dungeon (4/15)
 Temple: D:4-7

Altars:
Cheibriados
Kikubaaqudgha

Annotations:
D:4 Sigmund


Innate Abilities, Weirdness & Mutations

You are partially covered in slimy green scales. (AC +2)
You sometimes gain power by taking damage.
A meltable shield of frost defends you. (SH +4)
Your touch may inflict minor irresistible damage on your foes.


Message History

You block the orc's attack.
The orc priest invokes the aid of Beogh against you.
Beogh smites you!
You focus on the pain.
You feel agile all of a sudden.
You are too injured to fight recklessly!
You are too injured to fight recklessly!
You are too injured to fight recklessly!
You hit the orc but do no damage.
The orc is severely wounded.
The orc completely misses you.
The orc wizard mumbles some strange words.
The orc wizard flickers and vanishes!
Deactivating autopickup; reactivate with Ctrl-A.
The orc priest shouts!
You hit the orc.
You kill the orc!
Cheibriados thoroughly appreciates the change of pace.
You barely miss the orc priest. The orc priest misses you.
The orc priest looks satisfied for a moment.
You hit the orc priest.
The orc priest is lightly wounded.
The orc priest barely misses you.
The orc priest mumbles some strange prayers to Beogh against you.
Beogh smites you!
* * * LOW HITPOINT WARNING * * *
You hit the orc priest but do no damage.
The orc priest is lightly wounded.
The orc priest misses you.
Okay, then.
As you read the scroll of teleportation, it crumbles to dust.
You feel strangely unstable. You block the orc priest's attack.
It was a potion of resistance.
You feel protected. The orc priest closely misses you.
The orc priest looks braver for a moment.
Okay, then.
As you read the scroll labelled IPAKHEMOSE, it crumbles to dust.
You feel aware of your surroundings.
It was a scroll of magic mapping.
The orc priest hits you with a +0 war axe.
You die...

##.........#..#.### ####
#####...#........#####...
###.##.###.#.........
#....# #.#######...
##(..# #..* #... #.#.#
##.#* #<). #.#.# #..**
##... #.#.# *#..* #....
#@#.######.###....
#o#,*........^....
##{#,#.............
####.o#,.###......).##
#...)##*.....!.##.#...
#....###.....##*#.##..
#...........#* #.####
#.....##....#* #..,,,
#...........$#**#.####


You could see 2 orc priests.

Vanquished Creatures
  A necrophage (D:4)
  A scorpion (D:4)
  A wight (D:4)
  An orc priest (D:3)
  2 centaur skeletons
  3 orc wizards (D:3)
  A scorpion zombie (D:4)
  A gnoll (D:1)
  2 adders (D:2)
  2 adder skeletons (D:4)
  2 dart slugs
  19 orcs
  5 bats
  4 endoplasms
  7 giant cockroaches
  7 goblins
  5 hobgoblins
  5 jackals (D:1)
  4 quokkas
  9 ball pythons
  2 frilled lizards
  8 kobolds
  4 rats
96 creatures vanquished.

Vanquished Creatures (others)
  A plant (D:1)
1 creature vanquished.

Grand Total: 97 creatures vanquished

Notes
Turn   | Place    | Note
-------+----------+-------------------------------------------
     0 | D:1      | BinkBink the Demonspawn Monk began the quest for the Orb.
     0 | D:1      | Reached XP level 1. HP: 18/18 MP: 1/1
    87 | D:1      | Gained mutation: You sometimes gain a little power by
                  | taking damage. [demonic ancestry]
    87 | D:1      | Reached XP level 2. HP: 23/24 MP: 2/2
   313 | D:1      | Found a faded altar of an unknown god.
   338 | D:1      | Prayed at the altar of an unknown god.
   338 | D:1      | Became a worshipper of Cheibriados the Contemplative
   338 | D:1      | Reached * piety under Cheibriados
   338 | D:1      | Reached ** piety under Cheibriados
   551 | D:1      | Reached *** piety under Cheibriados
  1073 | D:1      | Gained mutation: You are partially covered in slimy green
                  | scales. (AC +2) [demonic ancestry]
  1073 | D:1      | Reached XP level 3. HP: 29/29 MP: 3/3
  1932 | D:2      | Found an ancient bone altar of Kikubaaqudgha.
  2371 | D:2      | Gained mutation: You sometimes gain power by taking damage.
                  | [demonic ancestry]
  2371 | D:2      | Reached XP level 4. HP: 35/35 MP: 4/4
  2409 | D:2      | Reached **** piety under Cheibriados
  3341 | D:3      | Gained mutation: A meltable shield of frost defends you.
                  | (SH +4) [demonic ancestry]
  3341 | D:3      | Reached XP level 5. HP: 24/41 MP: 5/5
  3590 | D:3      | HP: 2/41 [orc priest/nerve-wracking pain (12)]
  4270 | D:3      | Reached ***** piety under Cheibriados
  4948 | D:4      | Reached XP level 6. HP: 35/47 MP: 6/6
  4957 | D:4      | Noticed Sigmund
  4992 | D:4      | Reached skill level 5 in Long Blades
  4992 | D:4      | Reached skill level 5 in Dodging
  5533 | D:4      | Gained mutation: Your touch may inflict minor irresistible
                  | damage on your foes. [demonic ancestry]
  5533 | D:4      | Reached XP level 7. HP: 48/52 MP: 7/7
  5735 | D:4      | Slain by an orc priest

Illustrated notes

Levels and vault maps discovered:
D:1:      dpeg_arrival_refuge, layout_basic, dreamdust_ecumenical_altar_grove
D:2:      layout_basic, basic_altar, minmay_nonomino_d4
D:3:      layout_loops_corners, serial_park_tiny_1, dk_vineyard_2,
          grunt_ministairs_6, corexii_item_surrounded_by_moat
D:4:      layout_rooms, minmay_manual_monstrance, uniq_sigmund

Skill      XL: |  1  2  3  4  5  6 |
---------------+-------------------+-----
Long Blades    | 3 4 5 |  5.5
Dodging        | 3 4 5 |  5.5
Fighting       | |  3.0
Stealth        | |  1.7

Action                   |  1- 3 |  4- 6 |  7- 9 || total
-------------------------+-------+-------+-------++-------
Melee: Falchion          |   122 |   230 |     9 ||   361
       Touch             |       |       |     1 ||     1
  Use: Potion            |     4 |     8 |     1 ||    13
       Scroll            |       |       |     6 ||     6
 Stab: Sleeping          |     4 |     8 |       ||    12
       Distracted        |       |     1 |       ||     1
Armor: Robe              |    24 |    48 |     1 ||    73
       Skin              |       |    17 |       ||    17
Dodge: Dodged            |    90 |   147 |    12 ||   249
Block: Other             |       |    25 |     5 ||    30

Table legend: (Time is in decaauts)
 A = Elapsed time spent in this place.
 B = Non-inter-level travel time spent in this place.
 C = Inter-level travel time spent in this place.
 D = Time resting spent in this place.
 E = Time spent auto-exploring this place.
 F = Levels seen in this place.
 G = Mean time per level.
                   A        B        C        D        E       F      G
               +--------+--------+--------+--------+--------+-----+--------+
         Total |   7718 |   7479 |    239 |      0 |   6187 |   4 | 1929.5 |
       Dungeon |   7718 |   7479 |    239 |      0 |   6187 |   4 | 1929.5 |
               +--------+--------+--------+--------+--------+-----+--------+

Top non-repeatable levels by time:
     D:3: 2516 daAuts
     D:2: 2202 daAuts
     D:1: 1935 daAuts
     D:4: 1063 daAuts
